 Dungeon Crawl Stone Soup version 0.30-a0-1043-g60ff8d5f49 (webtiles) character file.

Game seed: 6108298697112844493

38 Esekla the Sneak (level 3, 16/26 HPs)
             Began as an Octopode Delver on Apr 9, 2023.
             Quit the game on level 5 of the Dungeon.
             The game lasted 00:00:59 (71 turns).

Esekla the Sneak (Octopode Delver)                    Turns: 71, Time: 00:01:00

Health: 16/26      AC:  1    Str: 11    XL:     3   Next: 43%
Magic:  2/4        EV: 13    Int: 14    God:
Gold:   8          SH:  0    Dex: 13    Spells: 3/3 levels left

rFire   . . .      SeeInvis .    a - +0 falchion
rCold   . . .      Faith    .    (no shield)
rNeg    . . .      Spirit   .    (helmet restricted)
rPois   .          Reflect  .    (no amulet)
rElec   .          Rampage  .    (no ring)
rCorr   .                        (no ring)
Will    .....                    (no ring)
Stlth   ++++                     (no ring)
HPRegen 0.24/turn                (no ring)
MPRegen 0.09/turn                (no ring)
                                 (no ring)
                                 (no ring)

@: no status effects
A: almost no armour, amphibious, 8 rings, camouflage 1, gelatinous body 1,
(nimble swimmer 1), tentacles
a: no special abilities


You were on level 5 of the Dungeon.
You visited 1 branch of the dungeon, and saw 1 of its levels.

You collected 8 gold pieces.

Inventory:

Hand Weapons
 a - a +0 falchion (weapon)
Wands
 f - a wand of digging (3)
Scrolls
 b - a scroll of fog
 d - a scroll of fear
Potions
 e - a potion of haste


   Skills:
 * Level 3.3 Fighting
 * Level 2.2 Long Blades
 * Level 2.3 Dodging
 + Level 7.2 Stealth
 * Level 0.7 Spellcasting


You had 3 spell levels left.
You didn't know any spells.
Your spell library was empty.

Dungeon Overview and Level Annotations

Branches:
Dungeon (5/15)
 Temple: D:4-7

Altars:


Innate Abilities, Weirdness & Mutations

You cannot wear most types of armour.
You are amphibious.
You can wear up to eight rings at the same time.
Your skin changes colour to match your surroundings (Stealth+).
Your rubbery body absorbs attacks. (AC +1, EV +1)
((You are camouflaged when in or above water. (Stealth+)))
You have tentacles for arms and can constrict up to eight enemies at once.


Message History

You constrict the adder, but do no damage.
You feel sick. The adder barely misses you. The adder closely misses you.
You completely miss the adder.
The adder is heavily wounded.
You constrict the adder.
You feel sick. The adder closely misses you.
You hit the adder but do no damage. You squeeze the adder.
The adder is almost dead.
You constrict the adder.
You kill the adder!
You feel sick.
You have reached level 2!
You start resting.
You feel sick. x4
You are no longer poisoned.
You start resting.
You hear the slow rusting of a very distant drain.
You start resting.
A hound is nearby!
You see here 8 gold pieces.
You now have 8 gold pieces.
You see here an adder corpse.
Okay, then.
You hit the hound. You grab the hound.
The hound is moderately wounded.
You constrict the hound. The hound misses you. The hound closely misses you.
You barely miss the hound.
The hound is heavily wounded.
You constrict the hound, but do no damage.
The hound closely misses you. The hound misses you.
You hit the hound.
The hound is severely wounded.
You constrict the hound, but do no damage.
The hound misses you.
You hit the hound.
You kill the hound!
Your Stealth skill increases to level 7!
You have reached level 3!
Your experience leads to an increase in your attributes!
Increase (S)trength, (I)ntelligence, or (D)exterity?
You feel clever. x2
Are you sure you want to abandon this character and quit the game? (Confirm with "yes".)

######### #@......# #.......#
#.......# #.......#
#.......######## ******
#............>.###
,,,,,**********#.......######....
,,,,,,,,,,,,,,*#..>....# ####.
,,,,,********,,#.......# #.


There were no monsters in sight!

Vanquished Creatures
  A hound (D:5)
  An adder (D:5)
2 creatures vanquished.

Notes
Turn   | Place    | Note
-------+----------+-------------------------------------------
     0 | D:5      | Esekla the Octopode Delver began the quest for the Orb.
     0 | D:5      | Reached XP level 1. HP: 16/16 MP: 1/1
     5 | D:5      | Noticed a hound
    29 | D:5      | Reached XP level 2. HP: 7/21 MP: 2/2
    71 | D:5      | Reached skill level 7 in Stealth
    71 | D:5      | Reached XP level 3. HP: 16/26 MP: 2/4
    71 | D:5      | Quit the game

Illustrated notes

Levels and vault maps discovered:
D:5:      layout_rooms, portal_sewer_entry_a, roderic_lattice_a

Skill      XL: |  1  2 |
---------------+-------+-----
Stealth        | 7 |  7.2
Fighting       | |  3.3
Long Blades    | |  2.2
Dodging        | |  2.3
Spellcasting   | |  0.7

Action                     || total
---------------------------++-------
  Melee: Falchion          ||     9
         Constrict         ||     2
         Tentacles         ||     1
    Use: Scroll            ||     1
  Dodge: Dodged            ||    10

Table legend: (Time is in decaauts)
 A = Elapsed time spent in this place.
 B = Non-inter-level travel time spent in this place.
 C = Inter-level travel time spent in this place.
 D = Time resting spent in this place.
 E = Time spent auto-exploring this place.
 F = Levels seen in this place.
 G = Mean time per level.
                   A        B        C        D        E       F      G
               +--------+--------+--------+--------+--------+-----+--------+
         Total |     72 |     72 |      0 |     34 |      0 |   1 |   72.0 |
       Dungeon |     72 |     72 |      0 |     34 |      0 |   1 |   72.0 |
               +--------+--------+--------+--------+--------+-----+--------+

Top non-repeatable levels by time:
     D:5: 72 daAuts
